 Dungeon Crawl Stone Soup version 0.23.1 (webtiles) character file.

Game seed: 7053490535316530249

387 Iflex the Poker (level 6, -4/47 HPs)
             Began as a Merfolk Gladiator on Mar 14, 2019.
             Slain by an ogre
             ... wielding a +0 giant spiked club
              (26 damage)
             ... on level 4 of the Dungeon.
             The game lasted 00:09:06 (2935 turns).

Iflex the Poker (Merfolk Gladiator)                 Turns: 2935, Time: 00:09:06

Health: -4/47      AC:  4    Str: 15    XL:     6   Next: 78%
Magic:  6/6        EV: 15    Int:  8    God:
Gold:   192        SH:  0    Dex: 16    Spells: 5/5 levels left

rFire    . . .     SeeInvis .   a - +1 trident
rCold    . . .     Gourm    .   (no shield)
rNeg     . . .     Faith    .   b - +0 leather armour
rPois    .         Spirit   .   c - +0 helmet
rElec    .         Reflect  .   (no cloak)
rCorr    .         Harm     .   (no gloves)
MR       .....                  (no boots)
Stlth    ++........             (no amulet)
HPRegen  0.15/turn              (no ring)
MPRegen  0.10/turn              (no ring)

@: no status effects
A: change form in water, swift swim, stealthy swim
a: no special abilities


You were on level 4 of the Dungeon.
You were not hungry.

You visited 1 branch of the dungeon, and saw 4 of its levels.

You collected 192 gold pieces.

Inventory:

Hand Weapons
 a - a +1 trident (weapon)
Missiles
 d - 2 throwing nets (quivered)
Armour
 b - a +0 leather armour (worn)
 c - a +0 helmet (worn)
Jewellery
 h - a cursed ring of teleportation {unknown}
 r - a +1 ring of protection {unknown}
 s - an uncursed ring of protection from cold {unknown}
 y - an uncursed ring of resist corrosion {unknown}
Wands
 n - a wand of random effects (19)
 q - a wand of disintegration (16)
 u - a wand of iceblast (2)
Scrolls
 e - a scroll of amnesia {unknown}
 g - 3 scrolls of teleportation {unknown}
 i - 2 scrolls of enchant weapon
 j - a scroll of immolation {unknown}
 l - 3 scrolls of magic mapping {unknown}
 m - a scroll of fear {unknown}
 o - 3 scrolls of remove curse {unknown}
 v - a scroll of identify
Potions
 p - 2 potions of degeneration
 w - a potion of flight
Comestibles
 f - 7 rations


   Skills:
 + Level 3.5 Fighting
 + Level 7.6 Polearms
 * Level 2.3 Throwing
 + Level 1.6 Armour
 * Level 5.3 Dodging
 - Level 2.1 Stealth


You had 5 spell levels left.
You didn't know any spells.
Your spell library was empty.

Dungeon Overview and Level Annotations

Branches:
Dungeon (4/15)
 Temple: D:4-7

Altars:
Dithmenos
Gozag
Makhleb
Yredelemnul
Zin

Annotations:
D:4 Eustachio


Message History

Level annotation: Eustachio An ogre comes into view.
It is wielding a +0 giant spiked club.
Found four items.
There is a stone staircase leading up here.
Attack whom?
Press: ? - help, Dir - move target cursor, f - ogre
Aim: an ogre, wielding a +0 giant spiked club (hasn't noticed you)
You reach to attack!
The ogre shouts!
You puncture the ogre!
The ogre is heavily wounded.
You hit the ogre.
The ogre is heavily wounded.
The ogre hits you with a +0 giant spiked club!!
Ouch! That really hurt!
You closely miss the ogre.
The ogre is heavily wounded.
The ogre hits you with a +0 giant spiked club!!
Ouch! That really hurt!
You die...

........!....
............
#..?.......
..8.8.... .
##......#
...#..8.8..#.##
#......O.......
#......@.....#
#......?$.....#
...............
.....##........
..... ##......#
#... ......#
#.. ....... ...
.8....... ...
.../... ..


You could see an ogre.

Vanquished Creatures
  Sigmund (D:3)
  A crimson imp (D:2)
  A hound (D:4)
  Jessica (D:3)
  Ijyb (D:3)
  A gnoll (D:1)
  4 adders
  An ooze (D:1)
  A worm (D:3)
  4 dart slugs
  2 leopard geckos
  2 orcs
  4 giant cockroaches
  4 hobgoblins
  3 jackals (D:3)
  6 bats
  3 frilled lizards
  7 goblins
  4 kobolds
  5 rats
56 creatures vanquished.

Notes
Turn   | Place    | Note
-------+----------+-------------------------------------------
     0 | D:1      | Iflex the Merfolk Gladiator began the quest for the Orb.
     0 | D:1      | Reached XP level 1. HP: 16/16 MP: 1/1
   277 | D:1      | Reached skill level 5 in Polearms
   277 | D:1      | Reached XP level 2. HP: 7/23 MP: 2/2
   739 | D:1      | Reached XP level 3. HP: 27/28 MP: 3/3
  1054 | D:2      | Reached XP level 4. HP: 34/34 MP: 4/4
  1080 | D:2      | Found a shadowy altar of Dithmenos.
  1213 | D:2      | Reached skill level 6 in Polearms
  1213 | D:2      | Reached skill level 1 in Armour
  1213 | D:2      | Reached skill level 1 in Stealth
  1311 | D:2      | Reached XP level 5. HP: 41/41 MP: 5/5
  1720 | D:3      | Noticed Sigmund
  1745 | D:3      | Killed Sigmund
  1745 | D:3      | Reached skill level 7 in Polearms
  1745 | D:3      | Reached skill level 5 in Dodging
  1745 | D:3      | Reached XP level 6. HP: 21/47 MP: 6/6
  2051 | D:3      | Noticed Jessica
  2057 | D:3      | Killed Jessica
  2244 | D:3      | Noticed Ijyb
  2259 | D:3      | Killed Ijyb
  2450 | D:3      | Found a burning altar of Makhleb.
  2452 | D:3      | Found a glowing silver altar of Zin.
  2459 | D:3      | Found a basalt altar of Yredelemnul.
  2531 | D:4      | Found an opulent altar of Gozag.
  2606 | D:4      | Noticed Eustachio
  2935 | D:4      | Slain by an ogre

Skill      XL: |  1  2  3  4  5 |
---------------+----------------+-----
Polearms       | 5 6 7 |  7.6
Armour         | 1 |  1.6
Stealth        | 1 2 |  2.1
Fighting       | 3 |  3.5
Dodging        | 5 |  5.3
Throwing       | |  2.3

Action                   |  1- 3 |  4- 6 || total
-------------------------+-------+-------++-------
Melee: Trident           |    80 |   169 ||   249
Throw: Throwing net      |       |     1 ||     1
Evoke: Wand              |       |     2 ||     2
  Use: Scroll            |       |     3 ||     3
       Potion            |       |     7 ||     7
 Stab: Sleeping          |     3 |     3 ||     6
       Distracted        |     1 |     1 ||     2
  Eat: Chunk             |       |     3 ||     3
       Ration            |       |     1 ||     1
Armor: Leather armour    |    18 |    52 ||    70
Dodge: Dodged            |    50 |   165 ||   215
